 Dungeon Crawl Stone Soup version 0.28-a0-863-g8cecda6153 (webtiles) character file.

Game seed: 6251508525619098139

76 Ijustatesigmund the Skirmisher (level 4, -1/37 HPs)
             Began as a Demonspawn Fighter on Nov 19, 2021.
             Slain by an orc priest (3 damage)
             ... on level 3 of the Dungeon.
             The game lasted 00:03:26 (2081 turns).

Ijustatesigmund the Skirmisher (Demonspawn Fighter) Turns: 2081, Time: 00:03:27

Health: -1/37      AC:  9    Str: 16    XL:     4   Next: 12%
Magic:  4/4        EV:  9    Int: 10    God:
Gold:   112        SH:  4    Dex: 13    Spells: 3/3 levels left

rFire   . . .      SeeInvis +   a - +0 war axe
rCold   . . .      Faith    .   c - +0 buckler
rNeg    . . .      Spirit   .   b - +0 scale mail
rPois   .          Reflect  .   (no helmet)
rElec   .          Harm     .   (no cloak)
rCorr   .          Rampage  .   (no gloves)
Will    .....                   j - +0 pair of boots
Stlth   ..........              (no amulet)
HPRegen 0.12/turn               g - ring of see invisible
MPRegen 0.09/turn               (no ring)

@: no status effects
A: icy blue scales 1, spiny 1
a: no special abilities


You were on level 3 of the Dungeon.
You visited 1 branch of the dungeon, and saw 4 of its levels.

You collected 145 gold pieces.
You spent 33 gold pieces at shops.

Inventory:

Hand Weapons
 a - a +0 war axe (weapon)
Missiles
 e - 5 silver javelins (quivered)
Armour
 b - a +0 scale mail (worn)
 c - a +0 buckler (worn)
 j - a +0 pair of boots (worn)
Jewellery
 g - a ring of see invisible (left hand)
Potions
 d - a potion of might
 f - a potion of attraction
 h - a potion of haste {unknown}
 i - 2 potions of degeneration {unknown}
 l - a potion of curing


   Skills:
 + Level 4.1 Fighting
 + Level 3.1 Axes
 - Level 2.6 Armour
 - Level 2.6 Shields


You had 3 spell levels left.
You didn't know any spells.
Your spell library contained the following spells:

 Spells                   Type           Power      Damage    Failure   Level
 Sandblast                Erth           0%         2d4       85%         1
 Passwall                 Tmut/Erth      0%         N/A       94%         2
 Stone Arrow              Conj/Erth      0%         3d7       99%         3


Dungeon Overview and Level Annotations

Branches:
Dungeon (4/15)
 Temple: D:4-7

Altars:

Shops:
D:3 =*


Innate Abilities, Weirdness & Mutations

You are partially covered in icy blue scales. (AC +2)
You are partially covered in sharp spines.


Message History

You closely miss the orc priest.
The orc priest is heavily wounded.
You block the orc priest's attack. The orc priest closely misses you.
You hit the orc priest but do no damage.
The orc priest is heavily wounded.
The orc priest hits you but does no damage.
You barely miss the orc priest.
The orc priest is heavily wounded.
The orc priest calls down the wrath of Beogh upon you.
Beogh smites you!
You are too injured to fight recklessly!
You are too injured to fight recklessly!
You are too injured to fight recklessly!
You are too injured to fight recklessly!
You are too injured to fight recklessly!
You are too injured to fight recklessly!
You are too injured to fight recklessly!
You are too injured to fight recklessly!
You are too injured to fight recklessly!
You are too injured to fight recklessly!
You are too injured to fight recklessly!
You are too injured to fight recklessly!
You are too injured to fight recklessly!
You are too injured to fight recklessly!
You are too injured to fight recklessly!
You closely miss the orc priest.
The orc priest is heavily wounded.
The orc priest calls down the wrath of Beogh upon you.
Beogh smites you!
* * * LOW HITPOINT WARNING * * *
The orc priest looks satisfied for a moment.
You completely miss the orc priest.
The orc priest is heavily wounded.
The orc priest closely misses you.
The orc wizard mumbles some strange words.
The orc wizard flickers and vanishes for a moment.
You barely miss the orc priest.
The orc priest is heavily wounded.
The orc priest hits you with a +2 hand axe of flaming.
You die...

######## #......#
#......# #......#
#......#
#......###########
.......'........>#
#......#########@#
#......# ######o###
#......####.....o..#
#......##..........+
#########..........#
#......#+#.#
#......# .#
.........# .#
.....$...# .#


You could see an orc priest and an orc wizard (invisible).

Vanquished Creatures
  2 adders (D:2)
  4 dart slugs
  2 orcs
  6 bats
  2 endoplasms
  3 giant cockroaches
  5 goblins
  5 hobgoblins
  4 ball pythons
  3 frilled lizards
  7 kobolds (D:2)
  2 rats
45 creatures vanquished.

Notes
Turn   | Place    | Note
-------+----------+-------------------------------------------
     0 | D:1      | Ijustatesigmund the Demonspawn Fighter began the quest for
                  | the Orb.
     0 | D:1      | Reached XP level 1. HP: 18/18 MP: 1/1
   161 | D:1      | Gained mutation: You are partially covered in icy blue
                  | scales. (AC +2) [demonic ancestry]
   161 | D:1      | Reached XP level 2. HP: 24/24 MP: 2/2
   276 | D:1      | Found a faded altar of an unknown god.
   858 | D:2      | Gained mutation: You are partially covered in sharp spines.
                  | [demonic ancestry]
   858 | D:2      | Reached XP level 3. HP: 26/29 MP: 3/3
  1391 | D:2      | Reached skill level 4 in Fighting
  1528 | D:2      | Reached XP level 4. HP: 37/37 MP: 4/4
  1675 | D:3      | Found Udagaq's Jewellery Shoppe.
  1796 | D:3      | Found Kuicug's General Store.
  1803 | D:3      | Bought a potion of curing for 33 gold pieces
  2081 | D:3      | Slain by an orc priest

Illustrated notes

Levels and vault maps discovered:
D:1:      dpeg_arrival_tiny_f, layout_basic,
          hellmonk_ecumenical_altar_inner_sanctum
D:2:      minmay_kobold_bridge, layout_basic
D:3:      layout_basic, serial_shops, nicolae_lakefront_shop, shop,
          nicolae_shop_overgrown_old_shop
D:4:      layout_loops_ring, minmay_temple_entry_statues_pillars, uniq_eustachio

Skill      XL: |  1  2  3 |
---------------+----------+-----
Axes           | 2 3 |  3.1
Fighting       | 4 |  4.1
Armour         | |  2.6
Shields        | |  2.6

Action                   |  1- 3 |  4- 6 || total
-------------------------+-------+-------++-------
Melee: War axe           |    82 |    23 ||   105
Throw: Javelin           |     1 |       ||     1
  Use: Scroll            |     3 |     2 ||     5
Armor: Scale mail        |    49 |     6 ||    55
Dodge: Dodged            |    40 |     7 ||    47
Block: Buckler           |    12 |     3 ||    15

Table legend: (Time is in decaauts)
 A = Elapsed time spent in this place.
 B = Non-inter-level travel time spent in this place.
 C = Inter-level travel time spent in this place.
 D = Time resting spent in this place.
 E = Time spent auto-exploring this place.
 F = Levels seen in this place.
 G = Mean time per level.
                   A        B        C        D        E       F      G
               +--------+--------+--------+--------+--------+-----+--------+
         Total |   2122 |   2115 |      7 |    412 |   1370 |   4 |  530.5 |
       Dungeon |   2122 |   2115 |      7 |    412 |   1370 |   4 |  530.5 |
               +--------+--------+--------+--------+--------+-----+--------+

Top non-repeatable levels by time:
     D:1: 869 daAuts
     D:2: 817 daAuts
     D:3: 235 daAuts
     D:4: 200 daAuts
